 Dungeon Crawl Stone Soup version 0.30-a0-55-g90e3122c3a (webtiles) character file.

Game seed: 4499195906654900917

154 LnG the Trooper (level 5, -1/48 HPs)
             Began as a Hill Orc Fighter on Sept 9, 2022.
             Slain by a gnoll
             ... wielding a +0 spear of venom
              (6 damage)
             ... on level 2 of the Dungeon.
             The game lasted 00:03:27 (2262 turns).

LnG the Trooper (Hill Orc Fighter)                  Turns: 2262, Time: 00:03:28

Health: -1/48      AC:  8    Str: 21    XL:     5   Next: 36%
Magic:  5/5        EV:  9    Int:  8    God:
Gold:   106        SH:  4    Dex: 10    Spells: 4/4 levels left

rFire   . . .      SeeInvis .    a - +0 war axe
rCold   . . .      Faith    .    c - +0 buckler
rNeg    . . .      Spirit   .    b - +0 scale mail
rPois   .          Reflect  .    (no helmet)
rElec   .          Harm     .    i - +0 cloak
rCorr   .          Rampage  .    (no gloves)
Will    .....                    (no boots)
Stlth   ..........               (no amulet)
HPRegen 0.16/turn                (no ring)
MPRegen 0.09/turn                (no ring)

@: lethally poisoned (-1 -> -15), attractive
A: no striking features
a: no special abilities


You were on level 2 of the Dungeon.
You visited 1 branch of the dungeon, and saw 2 of its levels.

You collected 106 gold pieces.

Inventory:

Hand Weapons
 a - a +0 war axe (weapon)
Armour
 b - a +0 scale mail (worn)
 c - a +0 buckler (worn)
 i - a +0 cloak (worn)
Scrolls
 e - 2 scrolls of enchant armour {unknown}
 h - a scroll of immolation {unknown}
 j - a scroll of identify {unknown}
 k - a scroll of amnesia {unknown}
 l - a scroll of vulnerability {unknown}
 m - a scroll of torment {unknown}
Potions
 d - 4 potions of might


   Skills:
 + Level 5.1 Fighting
 + Level 4.7 Axes
 + Level 3.8 Armour
 + Level 0.4 Dodging
 + Level 3.8 Shields


You had 4 spell levels left.
You didn't know any spells.
Your spell library contained the following spells:

 Spells                   Type           Power      Damage    Failure   Level
 Freeze                   Ice            0%         1d3       83%         1
 Frozen Ramparts          Ice            0%         1d1       99%         3
 Gell's Gravitas          Tloc           0%         N/A       99%         3
 Lesser Beckoning         Tloc           0%         N/A       99%         3
 Teleport Other           Tloc           0%         N/A       99%         3
 Hailstorm                Conj/Ice       0%         3d3       100%        4


Dungeon Overview and Level Annotations

Branches:
Dungeon (2/15)

Altars:


Message History

The hobgoblin barely misses you.
The hobgoblin hits you but does no damage.
You slash the hobgoblin!
You kill the hobgoblin!
The gnoll hits you from afar with a +0 spear of venom.
You are poisoned.
The gnoll hits you but does no damage.
You are more poisoned.
You feel very sick.
The gnoll hits you with a +0 spear of venom.
You are more poisoned.
Items here: $ ( ) ?.
You completely miss the gnoll.
You feel extremely sick. The gnoll closely misses you.
You slash the gnoll!
The gnoll is almost dead.
You hit the endoplasm.
You feel very sick.
The gnoll hits you with a +0 spear of venom.
You are lethally poisoned!
The endoplasm closely misses you.
You closely miss the gnoll.
The gnoll is almost dead.
You barely miss the endoplasm.
* * * LOW HITPOINT WARNING * * *
You feel extremely sick.
The gnoll hits you with a +0 spear of venom.
* * * LOW HITPOINT WARNING * * *
The endoplasm barely misses you. The endoplasm freezes you.
You are frozen.
* * * LOW HITPOINT WARNING * * *
The gnoll closely misses you.
It was a potion of attraction.
You feel attractive to monsters.
* * * LOW HITPOINT WARNING * * *
You feel very sick.
The gnoll hits you with a +0 spear of venom.
You die...

#.....÷##.÷.###.##...#......##...
######...##.###.............#....
###..#......................
##..######...........#.#..
#..###......#...........
##......................
####...........>.......
#.......>..#..##.......
..#..J@..####.##....... .
#..g...<.............
......##.#.######.......
.##......#..[...........
#......#........#.....
#.....####.......#..... #..#...
............## #.###..
.............. ..>......###..


You could see a gnoll and an endoplasm.

Vanquished Creatures
  Natasha (twice) (D:2)
  5 gnolls
  A worm (D:2)
  6 ball pythons
  6 endoplasms
  2 giant cockroaches (D:1)
  5 goblins
  3 hobgoblins (D:2)
  6 jackals
  A kobold (D:2)
  4 quokkas
  4 bats
  2 frilled lizards (D:1)
  5 rats
52 creatures vanquished.

Vanquished Creatures (others)
  3 fungi (D:2)
  2 plants (D:2)
5 creatures vanquished.

Grand Total: 57 creatures vanquished

Notes
Turn   | Place    | Note
-------+----------+-------------------------------------------
     0 | D:1      | LnG the Hill Orc Fighter began the quest for the Orb.
     0 | D:1      | Reached XP level 1. HP: 19/19 MP: 1/1
   221 | D:1      | Reached XP level 2. HP: 25/27 MP: 2/2
   366 | D:1      | Reached skill level 4 in Fighting
   399 | D:1      | Reached XP level 3. HP: 33/33 MP: 3/3
  1211 | D:2      | Reached XP level 4. HP: 8/40 MP: 4/4
  1526 | D:2      | Noticed Natasha
  1539 | D:2      | Killed Natasha
  1544 | D:2      | Noticed Natasha
  1550 | D:2      | Killed Natasha
  1551 | D:2      | Reached skill level 5 in Fighting
  1551 | D:2      | Reached XP level 5. HP: 16/48 MP: 5/5
  1769 | D:2      | Found a faded altar of an unknown god.
  1806 | D:2      | HP: 2/48 [gnoll/+0 club (5)]
  2262 | D:2      | Slain by a gnoll

Illustrated notes

Levels and vault maps discovered:
D:1:      dpeg_arrival_prison, layout_loops_ring
D:2:      layout_rooms, shapermc_ecumenical_altar_acropolis, serial_shops,
          nicolae_shop_advertising_works [nicolae_subvault_shop_adworks],
          amcnicky_mini_corridor_feature, uniq_natasha

Skill      XL: |  1  2  3  4 |
---------------+-------------+-----
Axes           | 3 4 |  4.7
Fighting       | 4 5 |  5.1
Armour         | |  3.8
Dodging        | |  0.4
Shields        | |  3.8

Action                   |  1- 3 |  4- 6 || total
-------------------------+-------+-------++-------
Melee: War axe           |   103 |    42 ||   145
  Use: Potion            |       |     2 ||     2
Armor: Scale mail        |    60 |    29 ||    89
Dodge: Dodged            |    60 |    26 ||    86
Block: Buckler           |    30 |    12 ||    42

Table legend: (Time is in decaauts)
 A = Elapsed time spent in this place.
 B = Non-inter-level travel time spent in this place.
 C = Inter-level travel time spent in this place.
 D = Time resting spent in this place.
 E = Time spent auto-exploring this place.
 F = Levels seen in this place.
 G = Mean time per level.
                   A        B        C        D        E       F      G
               +--------+--------+--------+--------+--------+-----+--------+
         Total |   2329 |   2284 |     45 |    885 |    945 |   2 | 1164.5 |
       Dungeon |   2329 |   2284 |     45 |    885 |    945 |   2 | 1164.5 |
               +--------+--------+--------+--------+--------+-----+--------+

Top non-repeatable levels by time:
     D:1: 1470 daAuts
     D:2: 858 daAuts
